 Dungeon Crawl Stone Soup version 0.28.0 (webtiles) character file.

Game seed: 16612734494902784390

12 themarg the Martial Artist (level 2, -1/20 HPs)
             Began as a Gnoll Wanderer on Feb 7, 2022.
             Slain by a hobgoblin (3 damage)
             ... on level 1 of the Dungeon.
             The game lasted 00:01:08 (130 turns).

themarg the Martial Artist (Gnoll Wanderer)          Turns: 130, Time: 00:01:08

Health: -1/20      AC:  4    Str: 10    XL:     2   Next: 33%
Magic:  3/3        EV: 11    Int:  9    God:
Gold:   13         SH:  0    Dex: 14    Spells: 1/1 levels left

rFire   . . .      SeeInvis .   a - +0 trident
rCold   . . .      Faith    .   (no shield)
rNeg    . . .      Spirit   .   d - +0 leather armour
rPois   .          Reflect  .   (no helmet)
rElec   .          Harm     .   (no cloak)
rCorr   .          Rampage  .   (no gloves)
Will    .....                   c - +0 pair of boots
Stlth   ++........              (no amulet)
HPRegen 0.06/turn               (no ring)
MPRegen 0.08/turn               (no ring)

@: no status effects
A: fangs 1, strong nose, distributed training
a: no special abilities


You were on level 1 of the Dungeon.
You visited 1 branch of the dungeon, and saw 1 of its levels.

You collected 13 gold pieces.

Inventory:

Hand Weapons
 a - a +0 trident (weapon)
Armour
 c - a +0 pair of boots (worn)
 d - a +0 leather armour (worn)
Scrolls
 e - a scroll of holy word {unknown}
Potions
 b - a potion of curing


   Skills:
 + Level 0.3 Fighting
 + Level 0.3 Short Blades
 + Level 0.3 Long Blades
 + Level 0.3 Axes
 + Level 0.3 Maces & Flails
 + Level 6.4 Polearms
 + Level 0.3 Staves
 + Level 0.3 Slings
 + Level 0.3 Bows
 + Level 0.3 Crossbows
 + Level 0.3 Throwing
 + Level 0.3 Armour
 + Level 0.3 Dodging
 + Level 2.2 Stealth
 + Level 0.3 Shields
 + Level 10.4 Unarmed Combat
 + Level 0.3 Spellcasting
 + Level 0.2 Conjurations
 + Level 0.2 Hexes
 + Level 0.2 Summonings
 + Level 0.2 Necromancy
 + Level 0.2 Translocations
 + Level 0.2 Transmutations
 + Level 0.2 Fire Magic
 + Level 0.2 Ice Magic
 + Level 0.2 Air Magic
 + Level 0.2 Earth Magic
 + Level 0.2 Poison Magic
 + Level 2.5 Invocations
 + Level 0.3 Evocations


You had one spell level left.
You didn't know any spells.
Your spell library was empty.

Dungeon Overview and Level Annotations

Branches:
Dungeon (1/15)

Altars:


Innate Abilities, Weirdness & Mutations

You have very sharp teeth.
Your uncanny sense of smell can sniff out nearby items.
Your experience applies equally to all skills.


Message History

You now have 13 gold pieces.
A gnoll and a hobgoblin come into view.
Found 6 gold pieces.
The gnoll shouts!
The gnoll shouts!
The hobgoblin shouts!
You puncture the gnoll!
The gnoll is heavily wounded.
The gnoll hits you but does no damage.
You closely miss the gnoll.
The gnoll is heavily wounded.
The gnoll hits you with a +0 whip.
You barely miss the gnoll.
The gnoll is heavily wounded.
The gnoll hits you with a +0 whip.
* * * LOW HITPOINT WARNING * * *
You hit the gnoll.
The gnoll is severely wounded.
The gnoll barely misses you.
You hit the gnoll.
The gnoll is almost dead.
The gnoll closely misses you.
You hit the gnoll but do no damage. You punch the gnoll.
You kill the gnoll!
The hobgoblin hits you but does no damage.
You have reached level 2!
A ball python comes into view.
A ball python comes into view.
The ball python hisses angrily.
The hobgoblin closely misses you.
Found 13 stones.
The ball python bites you but does no damage.
The ball python closely misses you. The hobgoblin hits you.
* * * LOW HITPOINT WARNING * * *
You hit the hobgoblin but do no damage. The hobgoblin closely misses you.
You closely miss the hobgoblin.
You bite the hobgoblin, but do no damage.
The ball python closely misses you. The ball python misses you.
The hobgoblin hits you.
You die...

#...####..#...#<..#...
#########.###.###.###.. #.
##..........#..>#...#...
#..#.......................
#..#...............#.......
#..#..............###......
#..#.$.............#.......
####........S.................
............g@..#)............
###....#.....###.############
##...#.....# #.# #.#.#.....#
#.# #.#.......# #.# #
#.......# #.#
##......###.######
#..##...........#
##.##..###.####.#


You could see a hobgoblin and a ball python.

Vanquished Creatures
  A gnoll (D:1)
  A hobgoblin (D:1)
  A rat (D:1)
3 creatures vanquished.

Notes
Turn   | Place    | Note
-------+----------+-------------------------------------------
     0 | D:1      | Reached skill level 10 in Unarmed Combat
     0 | D:1      | themarg the Gnoll Wanderer began the quest for the Orb.
     0 | D:1      | themarg set off with the following items: a +0 trident, a
                  | potion of curing, a +0 pair of boots, a +0 leather armour
     0 | D:1      | Reached XP level 1. HP: 13/13 MP: 2/2
   104 | D:1      | Reached XP level 2. HP: 4/20 MP: 3/3
   130 | D:1      | Slain by a hobgoblin

Illustrated notes

Levels and vault maps discovered:
D:1:      minmay_arrival_five_plusses, layout_basic, serial_shops, shop

Skill      XL: | |
---------------+-+-----
Unarmed Combat | | 10.4
Fighting       | |  0.3
Short Blades   | |  0.3
Long Blades    | |  0.3
Axes           | |  0.3
Maces & Flails | |  0.3
Polearms       | |  6.4
Staves         | |  0.3
Slings         | |  0.3
Bows           | |  0.3
Crossbows      | |  0.3
Throwing       | |  0.3
Armour         | |  0.3
Dodging        | |  0.3
Stealth        | |  2.2
Shields        | |  0.3
Spellcasting   | |  0.3
Conjurations   | |  0.2
Hexes          | |  0.2
Summonings     | |  0.2
Necromancy     | |  0.2
Translocations | |  0.2
Transmutations | |  0.2
Fire Magic     | |  0.2
Ice Magic      | |  0.2
Air Magic      | |  0.2
Earth Magic    | |  0.2
Poison Magic   | |  0.2
Invocations    | |  2.5
Evocations     | |  0.3

Action                   || total
-------------------------++-------
Melee: Trident           ||    13
       Punch             ||     1
       Bite              ||     1
Armor: Leather armour    ||     3
Dodge: Dodged            ||     8
